 Dungeon Crawl Stone Soup version 0.27-a0-287-gd4424db430 (webtiles) character file.

Game seed: 2610157108802132056

4363 puppykicker the Cleaver (level 10, 0/74 HPs)
             Began as a Formicid Abyssal Knight on Feb 9, 2021.
             Was an Elder of Lugonu.
             Killed themself with a badly aimed iceblast (12 damage)
             ... on level 7 of the Dungeon.
             The game lasted 00:29:47 (9373 turns).

puppykicker the Cleaver (Formicid Abyssal Knight)   Turns: 9373, Time: 00:29:48

Health: 0/74       AC: 14    Str: 28    XL:     10   Next: 60%
Magic:  0/16       EV: 13    Int: 12    God:    Lugonu [****..]
Gold:   493        SH:  0    Dex: 10    Spells: 9/9 levels left

rFire    + . .     SeeInvis +   a - +2 hand axe (vamp)
rCold    . . .     Faith    .   (no shield)
rNeg     . . .     Spirit   +   h - +0 chain mail
rPois    .         Reflect  .   (helmet unavailable)
rElec    .         Harm     .   d - +1 cloak
rCorr    .         Rampage  .   (no gloves)
Will     +....                  x - +1 pair of boots
Stlth    ..........             G - amulet of guardian spirit {Spirit}
HPRegen  0.22/turn              u - +6 ring of strength
MPRegen  0.15/turn              z - +4 ring of evasion

@: lethally poisoned (0 -> -4)
A: permanent stasis, dig shafts and tunnels, four strong arms, antennae 3, fire
resistance 1, strong 1
a: Dig, Shaft Self, Renounce Religion, Depart the Abyss, Bend Space, Banish,
Corrupt


You were on level 7 of the Dungeon.
You worshipped Lugonu.
Lugonu was greatly pleased with you.
You visited 1 branch of the dungeon, and saw 8 of its levels.
You visited the Abyss 1 time.

You collected 493 gold pieces.

Inventory:

Hand Weapons
 a - a +2 vampiric hand axe (weapon)
 b - a +0 shortbow
 w - a +0 war axe
Missiles
 f - 37 bolts
 j - a throwing net
 m - 153 arrows
 Q - 19 stones (quivered)
Armour
 d - a +1 cloak (worn)
 h - a +0 chain mail (worn)
 x - a +1 pair of boots (worn)
Jewellery
 c - a +6 ring of intelligence
 u - a +6 ring of strength (left hand)
 z - a +4 ring of evasion (right hand)
 G - an amulet of guardian spirit (around neck) {Spirit}
Wands
 k - a wand of random effects (17)
Scrolls
 e - 2 scrolls of fear
 i - 2 scrolls of identify
 n - 4 scrolls of remove curse
 o - 2 scrolls of amnesia
 p - a scroll of random uselessness {unknown}
 r - a scroll of fog {unknown}
 s - a scroll of immolation {unknown}
 A - a scroll of enchant weapon {unknown}
Potions
 l - 2 potions of resistance
 t - 3 potions of attraction {!q}
 v - a potion of cancellation


   Skills:
 + Level 5.4 Fighting
 * Level 11.2 Axes
 + Level 5.4 Armour
 - Level 3.0 Dodging
 + Level 8.4 Invocations


You had 9 spell levels left.
You didn't know any spells.
Your spell library was empty.

Dungeon Overview and Level Annotations

Branches:
Dungeon (8/15)             Temple (0/1) D:6
   Lair: D:8-11

Altars:
Dithmenos
Elyvilon
Gozag
Hepliaklqana
Makhleb
Uskayaw
Wu Jian
Xom


Innate Abilities, Weirdness & Mutations

You cannot be hasted, slowed, berserked, paralysed or teleported.
You can dig through walls and to a lower floor.
Your four strong arms can wield two-handed weapons with a shield.
You have a pair of large antennae on your head. (SInv)
Your flesh is heat resistant. (rF+)
Your muscles are strong. (Str +2)


Message History

You take 2 damage, and have 19/74 hp.
Aiming: Random Effects
Press: ? - help, Shift-Dir - straight line, f/p - soldier ant
Aim: a soldier ant (lightly wounded, fast, slightly transparent)
The soldier ant seems to slow down.
You feel sick. The soldier ant stings you.
* * * LOW MAGIC WARNING * * *;
* * * LOW HITPOINT WARNING * * *
You take 6 damage, and have 13/74 hp.
You now have 2/16 mp.
Aiming: Random Effects
Press: ? - help, Shift-Dir - straight line, f/p - soldier ant
Aim: a soldier ant (lightly wounded, fast, slightly transparent, slow)
The puff of flame misses the soldier ant.
You feel sick. The soldier ant closely misses you.
You take 1 damage, and have 12/74 hp.
Aiming: Random Effects
Press: ? - help, Shift-Dir - straight line, f/p - soldier ant
Aim: a soldier ant (lightly wounded, fast, slightly transparent, slow)
The mass of ice explodes!
The iceblast engulfs the soldier ant!
The iceblast engulfs you!
* * * LOW MAGIC WARNING * * *
You die...

####.# ########## .....#
#........# ####.# #.######.# #.#
#.####...# #.# #.#......# ####'##
###.#.###..####### ......#
#.....# #.........
......##########.#.#####.######..
......'.........@......#.# ###.#
......######...B.#####.#.# #...#
..........##.....# #.#.# #.###
#.#######.##.....## #.#.# #.# #.#
#.##......# #.#.####.# #)#
#.##......# #.#.)....# #.#
#.##.(....# #.########## #.#
#.#.......## #.#.........
#.#######.#.....#..# #.#.########


You could see a soldier ant (fast, invisible, slow).

Levels and vault maps discovered:
D:1:      scummos_arrival_hexagon, layout_loops_cross, minmay_pentomino_q4
D:2:      layout_basic, grunt_ministairs_12, glass_columns_a, xom_redecorated,
          uniq_robin
D:3:      layout_loops_corners, nicolae_dithmenos_through_a_glass_darkly,
          roderic_lattice_a, uniq_grinder
D:4:      layout_cave_pools, dancing_weapons_uskayaw, kennysheep_mini_moat,
          nzn_wu_jian_council_hall, grunt_ministairs_3, minmay_splitting_lines
D:5:      lemuel_upstairs_altar, layout_basic
D:6:      layout_basic, lemuel_doored_altar, temple_statues, bloody_makhleb,
          uniq_pikel
D:7:      layout_basic, st_stairs_9, nicolae_water_bricks
D:8:      minmay_the_grid_square_5x5_3x3 [minmay_the_grid_square_5x5_minivault,
          minmay_the_grid_square_5x5_v,
          minmay_the_grid_square_5x5_inverted_slash,
          minmay_the_grid_square_5x5_n_small,
          minmay_the_grid_square_5x5_megaprize_open,
          minmay_the_grid_square_5x5_bracketed,
          minmay_the_grid_square_5x5_six_small,
          minmay_the_grid_square_5x5_empty,
          minmay_the_grid_square_5x5_half_checkered], layout_cave_pods,
          lemuel_coloured_pillars_altar, overflow_temple_1_default,
          kennysheep_cluttered_room

Notes
Turn   | Place    | Note
-------+----------+-------------------------------------------
     0 | Abyss:1  | puppykicker the Formicid Abyssal Knight began the quest for
                  | the Orb.
     0 | Abyss:1  | Reached XP level 1. HP: 18/18 MP: 2/2
    12 | Abyss:1  | Identified a +0 cloak (You found it on level 1 of the
                  | Abyss)
   146 | Abyss:1  | Found a corrupted altar of Lugonu.
   339 | Abyss:1  | Noticed a small abomination
   340 | D:1      | Escaped the Abyss
   368 | D:1      | Identified a +0 ring mail (You found it on level 1 of the
                  | Dungeon)
   418 | D:1      | Identified a +0 chain mail (You found it on level 1 of the
                  | Dungeon)
   456 | D:1      | Identified a +0 club
   468 | D:1      | Reached * piety under Lugonu
   485 | D:1      | Reached XP level 2. HP: 12/24 MP: 3/3
   694 | D:1      | Identified a +0 club
   756 | D:1      | Identified a +0 club
   765 | D:1      | Identified 3 scrolls of identify
   765 | D:1      | Identified a potion of berserk rage
   766 | D:1      | Identified a potion of mutation
   767 | D:1      | Identified 2 potions of curing
   773 | D:1      | Identified an uncursed amulet of magic regeneration (You
                  | found it on level 1 of the Abyss)
   774 | D:1      | Identified a scroll of fear
   775 | D:1      | Identified a scroll of teleportation
   776 | D:1      | Identified a scroll of enchant armour
   859 | D:1      | Reached skill level 3 in Axes
   861 | D:1      | Identified a potion of attraction
   868 | D:1      | Identified a +0 club
   869 | D:1      | Identified a +0 club
   964 | D:1      | Identified a ring of intelligence (You found it on level 1
                  | of the Dungeon)
   976 | D:1      | Identified a potion of heal wounds
   985 | D:1      | Identified a scroll of remove curse
  1224 | D:1      | Reached XP level 3. HP: 24/29 MP: 4/4
  1244 | D:2      | Identified a +0 club
  1320 | D:2      | Identified a +0 club
  1320 | D:2      | Identified a +0 animal skin
  1320 | D:2      | Identified a cursed -1 helmet
  1320 | D:2      | Noticed Robin
  1320 | D:2      | Identified a +0 dagger
  1320 | D:2      | Identified a +0 club
  1320 | D:2      | Identified a +0 dagger
  1321 | D:2      | Identified a +0 club
  1333 | D:2      | Killed Robin
  1367 | D:2      | Identified a +0 club
  1370 | D:2      | Reached skill level 4 in Axes
  1370 | D:2      | Reached XP level 4. HP: 20/35 MP: 5/5
  1507 | D:2      | Identified a +0 club
  1510 | D:2      | Identified a +0 club
  1510 | D:2      | Identified a +0 hunting sling
  1540 | D:2      | Found a shimmering altar of Xom.
  1540 | D:2      | Found a shimmering altar of Xom.
  1543 | D:2      | Found a shimmering altar of Xom.
  1600 | D:2      | Identified a potion of degeneration
  2374 | D:2      | Identified a +0 scale mail
  2454 | D:3      | Found a shadowy altar of Dithmenos.
  2455 | D:3      | Identified a +0 club
  2602 | D:3      | Identified a +0 short sword
  2603 | D:3      | Identified a +0 ring mail
  2615 | D:3      | Reached ** piety under Lugonu
  2708 | D:3      | Reached skill level 5 in Axes
  2708 | D:3      | Reached XP level 5. HP: 33/41 MP: 6/6
  2719 | D:3      | Identified a +0 whip
  2721 | D:3      | Identified a +0 dagger
  2721 | D:3      | Identified a cursed +0 robe
  2773 | D:3      | Identified a cursed -2 club
  2773 | D:3      | Identified a +0 ring mail
  2773 | D:3      | Identified a +0 club
  2773 | D:3      | Identified a +0 scale mail
  2943 | D:3      | Identified a +0 dagger
  2943 | D:3      | Identified a +0 robe
  2956 | D:3      | Reached XP level 6. HP: 44/47 MP: 7/7
  3023 | D:3      | Identified a scarf of harm (You found it on level 3 of the
                  | Dungeon)
  3195 | D:3      | Identified a +0 whip
  3242 | D:3      | Reached skill level 6 in Axes
  3376 | D:3      | Identified a +0 club
  3376 | D:3      | Noticed Grinder
  3394 | D:3      | Identified a potion of ambrosia
  3399 | D:3      | Identified a potion of cancellation
  3420 | D:3      | Killed Grinder
  3421 | D:3      | Reached skill level 1 in Dodging
  3421 | D:3      | Reached XP level 7. HP: 33/53 MP: 7/9
  3830 | D:4      | Found a hazy altar of Hepliaklqana.
  3842 | D:4      | Identified a cursed -2 flail
  3843 | D:4      | Identified a +0 whip
  3843 | D:4      | Identified a +0 halberd
  3843 | D:4      | Identified a +0 flail
  3853 | D:4      | Reached skill level 3 in Invocations
  3857 | D:4      | HP: 5/53 [gnoll/+0 halberd (11)]
  3862 | D:4      | HP: 7/53 [gnoll/+0 halberd (3)]
  3906 | D:4      | HP: 6/53 [shot self (8)]
  3906 | D:4      | HP: 1/53 [phantom (5)]
  3908 | D:4      | Gained mutation: Scrolls take you a little longer to read.
                  | [potion of mutation]
  3908 | D:4      | Gained mutation: You expend magic power (3 MP) to
                  | strengthen your wands. [potion of mutation]
  3908 | D:4      | Gained mutation: You passively map a small area around you.
                  | [potion of mutation]
  3908 | D:4      | Gained mutation: Your spells are a little harder to cast,
                  | but a little more powerful. [potion of mutation]
  3909 | D:4      | Lost mutation: You passively map a small area around you.
                  | [potion of mutation]
  3909 | D:4      | Lost mutation: Scrolls take you a little longer to read.
                  | [potion of mutation]
  3909 | D:4      | Lost mutation: Your spells are a little harder to cast, but
                  | a little more powerful. [potion of mutation]
  3909 | D:4      | Lost mutation: You expend magic power (3 MP) to strengthen
                  | your wands. [potion of mutation]
  3909 | D:4      | Gained mutation: You passively map a small area around you.
                  | [potion of mutation]
  3909 | D:4      | Gained mutation: You are partially covered in iridescent
                  | scales. (AC +2) [potion of mutation]
  3918 | D:4      | Reached skill level 3 in Armour
  4120 | D:4      | Identified a +0 leather armour
  4120 | D:4      | Identified a +2 short sword of venom
  4122 | D:4      | Identified a +2 vampiric hand axe
  4126 | D:4      | Identified a +0 giant spiked club
  4132 | D:4      | Reached skill level 4 in Fighting
  4132 | D:4      | Reached skill level 2 in Dodging
  4311 | D:4      | Identified a +0 hand axe
  4311 | D:4      | Noticed a +0 hand axe
  4312 | D:4      | Identified a +0 hand axe
  4312 | D:4      | Noticed a +0 hand axe
  4316 | D:4      | Found a hide-covered altar of Uskayaw.
  4497 | D:4      | Found an ornate altar of the Wu Jian Council.
  4498 | D:4      | Identified a +0 war axe (You found it on level 4 of the
                  | Dungeon)
  4716 | D:5      | Entered Level 5 of the Dungeon
  4744 | D:5      | Identified a +0 whip
  4744 | D:5      | Identified a +0 hand axe
  4744 | D:5      | Identified a +0 short sword of draining
  4744 | D:5      | Identified a +0 club
  4744 | D:5      | Identified a +0 dagger
  4744 | D:5      | Identified a +0 robe
  4772 | D:5      | Reached skill level 7 in Axes
  4774 | D:5      | Reached XP level 8. HP: 53/58 MP: 10/10
  4968 | D:5      | Identified a potion of resistance
  4969 | D:5      | Identified a scroll of amnesia
  5060 | D:5      | Identified a +0 giant club
  5067 | D:5      | HP: 10/58 [ogre/+0 giant club (14)]
  5449 | D:5      | Identified a +1 pair of boots (You found it on level 5 of
                  | the Dungeon)
  5718 | D:5      | Reached skill level 4 in Invocations
  5770 | D:5      | Identified a +0 shortbow
  5925 | D:5      | Reached skill level 4 in Armour
  6093 | D:6      | Reached *** piety under Lugonu
  6163 | D:6      | Reached skill level 3 in Dodging
  6400 | D:6      | Reached skill level 8 in Axes
  6400 | D:6      | Lost mutation: You are partially covered in iridescent
                  | scales. (AC +2) [potion of mutation]
  6400 | D:6      | Lost mutation: You passively map a small area around you.
                  | [potion of mutation]
  6400 | D:6      | Gained mutation: Your system is resistant to poisons.
                  | (rPois) [potion of mutation]
  6400 | D:6      | Gained mutation: Your muscles are strong. (Str +2) [potion
                  | of mutation]
  6400 | D:6      | Lost mutation: Your system is resistant to poisons. (rPois)
                  | [potion of mutation]
  6400 | D:6      | Gained mutation: Your flesh is heat resistant. (rF+)
                  | [potion of mutation]
  6446 | D:6      | Identified a +0 whip of freezing
  6446 | D:6      | Identified a +0 robe
  6446 | D:6      | Noticed Pikel
  6465 | D:6      | Killed Pikel
  6466 | D:6      | Reached skill level 9 in Axes
  6466 | D:6      | Reached skill level 6 in Invocations
  6466 | D:6      | Reached XP level 9. HP: 38/65 MP: 11/13
  6648 | D:6      | Identified a +0 flail
  6648 | D:6      | Identified a +6 ring of strength
  6648 | D:6      | Identified a +0 whip
  6695 | D:6      | Identified a potion of haste
  6728 | D:6      | Found a staircase to the Ecumenical Temple.
  6747 | D:6      | Found a white marble altar of Elyvilon.
  6786 | D:6      | Identified a +0 long sword
  6786 | D:6      | Identified a +0 robe
  6786 | D:6      | Identified a +4 great sword
  6786 | D:6      | Identified a +0 robe
  6786 | D:6      | Identified a +4 dire flail
  6786 | D:6      | Identified a +0 robe
  7311 | D:6      | Found a burning altar of Makhleb.
  7357 | D:6      | Identified a ring of evasion (You found it on level 6 of
                  | the Dungeon)
  7519 | D:5      | Found an opulent altar of Gozag.
  7748 | D:7      | Identified a +0 dagger
  7751 | D:7      | Identified a +0 hand axe
  7751 | D:7      | Identified a +0 mace
  7751 | D:7      | Identified a +0 ring mail
  7819 | D:7      | Reached skill level 7 in Invocations
  7832 | D:7      | Reached skill level 10 in Axes
  8029 | D:7      | Identified an uncursed amulet of guardian spirit (You found
                  | it on level 7 of the Dungeon)
  8231 | D:7      | Identified a +0 giant club
  8322 | D:7      | Identified a +0 club
  8916 | D:8      | Identified a +0 shortbow
  8922 | D:8      | Identified a +5 antimagic quarterstaff
  8922 | D:8      | Identified a +0 shortbow
  8922 | D:8      | Identified a +0 giant club
  8923 | D:8      | Reached XP level 10. HP: 71/72 MP: 15/15
  8924 | D:8      | Noticed an eight-headed hydra
  8927 | D:8      | Reached **** piety under Lugonu
  8927 | D:8      | Identified a +0 hand axe
  8927 | D:8      | Identified a +0 halberd
  8927 | D:8      | Identified a +0 robe
  8928 | D:8      | Banished an eight-headed hydra
  8929 | D:8      | Reached skill level 5 in Fighting
  8929 | D:8      | Reached skill level 5 in Armour
  8929 | D:8      | Reached skill level 8 in Invocations
  8929 | D:8      | Identified a +0 flail
  8929 | D:8      | Noticed a gargoyle
  8932 | D:8      | Identified a +0 club
  8936 | D:8      | Identified a +0 glaive
  8936 | D:8      | Identified a +0 plate armour
  8948 | D:8      | Identified a +0 halberd
  8948 | D:8      | Identified a +2 robe of willpower
  8958 | D:8      | Identified a +0 dire flail
  8958 | D:8      | Identified a +0 robe
  8967 | D:8      | Reached skill level 11 in Axes
  8976 | D:8      | Identified a potion of brilliance
  8976 | D:8      | HP: 17/74 [ice beast (3)]
  8976 | D:8      | HP: 6/74 [ice beast (11)]
  8982 | D:8      | HP: 11/74 [orc warrior/+0 glaive (12)]
  8984 | D:8      | HP: 3/74 [shot self (13)]
  9025 | D:8      | Noticed a manticore
  9026 | D:8      | Identified a +0 club
  9031 | D:8      | HP: 13/74 [centaur zombie (2)]
  9037 | D:8      | HP: 14/74 [centaur zombie (1)]
  9362 | D:7      | Banished a manticore
  9363 | D:7      | HP: 18/74 [soldier ant (5)]
  9371 | D:7      | HP: 18/74 [poisoned by a soldier ant]
  9373 | D:7      | Killed themself with a badly aimed iceblast

Table legend: (Time is in decaauts)
 A = Elapsed time spent in this place.
 B = Non-inter-level travel time spent in this place.
 C = Inter-level travel time spent in this place.
 D = Time resting spent in this place.
 E = Time spent auto-exploring this place.
 F = Levels seen in this place.
 G = Mean time per level.
                   A        B        C        D        E       F      G
               +--------+--------+--------+--------+--------+-----+--------+
         Total |   9434 |   9065 |    369 |   2693 |   4502 |   9 | 1048.2 |
       Dungeon |   9094 |   8725 |    369 |   2693 |   4174 |   8 | 1136.8 |
         Abyss |    340 |    340 |      0 |      0 |    328 |   1 |  340.0 |
               +--------+--------+--------+--------+--------+-----+--------+

Top non-repeatable levels by time:
     D:6: 1619 daAuts
     D:7: 1503 daAuts
     D:3: 1396 daAuts
     D:2: 1179 daAuts
     D:4: 1152 daAuts
     D:5: 1147 daAuts
     D:1: 914 daAuts
 Abyss:1: 340 daAuts
     D:8: 181 daAuts

Table legend:
 A = Kills in this place as a percentage of kills in entire the game.
 B = Kills by you in this place as a percentage of kills by you in the entire game.
 C = Kills by friends in this place as a percentage of kills by friends in the entire game.
 D = Other kills in this place as a percentage of other kills in the entire game.
 E = Experience gained in this place as a percentage of experience gained in the entire game.
 F = Experience gained in this place divided by the number of levels of this place that you have seen.
                   A       B       C       D       E      F
               +-------+-------+-------+-------+-------+----------------------
         Total | 100.0 | 100.0 |   N/A | 100.0 | 100.0 | 692.6
       Dungeon | 100.0 | 100.0 |   N/A | 100.0 | 100.0 | 779.1
               +-------+-------+-------+-------+-------+----------------------

Skill      XL: |  1  2  3  4  5  6  7  8  9 10 |
---------------+-------------------------------+-----
Axes           | 3 4 5 6 7 9 10 11 | 11.2
Dodging        | 1 2 3 |  3.0
Invocations    | 3 6 7 8 |  8.4
Armour         | 3 4 5 |  5.4
Fighting       | 4 5 |  5.4

Action                   |  1- 3 |  4- 6 |  7- 9 | 10-12 || total
-------------------------+-------+-------+-------+-------++-------
Melee: Hand axe          |   113 |   186 |   324 |    40 ||   663
       War axe           |       |       |    19 |     8 ||    27
 Fire: Shortbow          |       |       |     2 |       ||     2
Throw: Javelin           |       |       |    66 |    13 ||    79
Invok: Depart the Abyss  |     1 |       |       |       ||     1
       Banish            |       |       |       |     2 ||     2
 Abil: Dig               |       |       |    12 |     2 ||    14
Evoke: Wand              |       |       |    14 |    11 ||    25
  Use: Scroll            |     9 |     1 |     3 |       ||    13
       Potion            |       |     2 |     5 |     6 ||    13
Armor: Chain mail        |    84 |   101 |   185 |    40 ||   410
       Ring mail         |     2 |       |       |       ||     2
Dodge: Dodged            |    41 |    64 |   153 |    70 ||   328

Vanquished Creatures
  Pikel (D:6)
  Grinder (D:3)
  A water moccasin (D:5)
  2 sky beasts
  2 ice beasts
  4 ogres
  3 centaurs
  2 phantoms
  A wyvern zombie (D:7)
  2 bullfrogs
  4 scorpions
  4 wights
  An electric eel (D:7)
  A bullfrog zombie (D:8)
  A quasit (D:6)
  A centaur zombie (D:8)
  A bullfrog skeleton (D:6)
  4 hounds
  An orc priest (D:3)
  2 iguanas
  3 orc wizards
  5 worker ants
  A hound zombie (D:7)
  A hound skeleton (D:4)
  Robin (D:2)
  7 gnolls
  9 adders
  A howler monkey skeleton (D:3)
  4 shadow imps
  A white imp (D:6)
  A worm (D:3)
  A dart slug (D:1)
  2 leopard geckos (D:6)
  20 orcs
  2 giant cockroaches (D:6)
  11 goblins
  12 hobgoblins
  5 jackals
  7 kobolds
  8 quokkas
  9 bats
  5 frilled lizards
  A leopard gecko zombie (D:6)
  4 rats
160 creatures vanquished.
